 Dungeon Crawl Stone Soup version 0.29-a0-23-ga79f92ac9c (webtiles) character file.

Game seed: 8775387409524773585

692 Ajdolov the Spear-Bearer (level 7, -6/62 HPs)
             Began as a Naga Cinder Acolyte on Jan 30, 2022.
             Was a High Priest of Ignis.
             Mangled by an orc warrior (14 damage)
             ... on level 6 of the Dungeon.
             The game lasted 00:07:43 (6642 turns).

Ajdolov the Spear-Bearer (Naga Cinder Acolyte)      Turns: 6642, Time: 00:07:43

Health: -6/62      AC:  4    Str: 17    XL:     7   Next: 63%
Magic:  0/9        EV:  9    Int: 16    God:    Ignis [*****.]
Gold:   151        SH:  0    Dex:  6    Spells: 6/8 levels left

rFire   + . .      SeeInvis +   a - -1 spear (flame)
rCold   . . .      Faith    .   (no shield)
rNeg    . . .      Spirit   .   b - +0 robe
rPois   +          Reflect  .   q - +0 helmet
rElec   .          Harm     .   (no cloak)
rCorr   .          Rampage  .   (no gloves)
Will    .....                   (no barding)
Stlth   +.........              (no amulet)
HPRegen 0.20/turn               (no ring)
MPRegen 0.11/turn               (no ring)

@: about to teleport, very slow
A: AC +2, large, see invisible, deformed body, poison resistance, slowness 2,
spit poison 1, naga tail 1
a: Spit Poison, Renounce Religion, Fiery Armour, Foxfire Swarm, Rising Flame


You were on level 6 of the Dungeon.
You worshipped Ignis.
Ignis was extremely pleased with you.
You visited 2 branches of the dungeon, and saw 7 of its levels.

You collected 151 gold pieces.

Inventory:

Hand Weapons
 a - a -1 spear of flaming (weapon)
Missiles
 f - a throwing net
 r - 8 poisoned darts
Armour
 b - a +0 robe (worn)
 k - a scarf of shadows
 q - a +0 helmet (worn)
Jewellery
 m - a +4 ring of evasion
Wands
 j - a wand of iceblast (24)
Scrolls
 e - a scroll of enchant armour {unknown}
 g - a scroll of blinking {unknown}
 h - a scroll of teleportation
 n - a scroll of enchant weapon {unknown}
 o - a scroll of vulnerability {unknown}
 p - 2 scrolls of identify
 t - a scroll of acquirement {unknown}
 w - a scroll of summoning {unknown}
 x - a scroll of fear {unknown}
 y - a scroll of torment {unknown}
Potions
 c - 2 potions of lignification {unknown}
 d - 2 potions of degeneration {unknown}
 i - 3 potions of curing
 l - a potion of haste {unknown}
 s - a potion of might {unknown}
 u - a potion of attraction {unknown}
 v - 2 potions of brilliance {unknown}


   Skills:
 - Level 3.3 Fighting
 * Level 8.3 Polearms
 - Level 1.4 Spellcasting
 - Level 3.3 Fire Magic


You had 6 spell levels left.
You knew the following spells:

 Your Spells              Type           Power      Damage    Failure   Level
a - Scorch                Fire           22%        2d6       9%          2

Your spell library contained the following spells:

 Spells                   Type           Power      Damage    Failure   Level
 Animate Skeleton         Necr           2%         N/A       22%         1
 Pain                     Necr           4%         1d4       22%         1
 Frozen Ramparts          Ice            2%         1d2       54%         3
 Gell's Gravitas          Tloc           1%         N/A       54%         3
 Lesser Beckoning         Tloc           1%         N/A       54%         3
 Teleport Other           Tloc           1%         N/A       54%         3
 Tukima's Dance           Hex            1%         N/A       54%         3
 Vampiric Draining        Necr           1%         2d6       54%         3
 Anguish                  Hex/Necr       0%         N/A       91%         4
 Ice Form                 Ice/Tmut       1%         N/A       91%         4
 Summon Ice Beast         Ice/Summ       1%         N/A       91%         4
 Enfeeble                 Hex            0%         N/A       100%        7


Dungeon Overview and Level Annotations

Branches:
Dungeon (6/15)             Temple (1/1) D:4

Altars:
Cheibriados
Elyvilon
Fedhas
Gozag
Hepliaklqana
Kikubaaqudgha
Makhleb
Nemelex Xobeh
Trog
Uskayaw
Vehumet
Wu Jian
Xom
Yredelemnul
Zin
The Shining One


Innate Abilities, Weirdness & Mutations

Your serpentine skin is tough. (AC +2)
You have supernaturally acute eyesight. (SInv)
Armour fits poorly on your strangely shaped body.
Your system is resistant to poisons. (rPois)
You cover ground very slowly.
You can spit poison.
You have a snake-like lower body.


Message History

Press: ? - help, Q - select action, (/) - cycle Dir - look around, f - activate Flames lash the ice beast.
The ice beast melts!
The ice beast is severely wounded.
The ice beast completely misses you.
Casting: Scorch (safe; 9% risk of failure)
Press: ? - help, Q - select action, (/) - cycle Dir - look around, f - activate Flames lash the ice beast but do no damage.
The ice beast hits you but does no damage.
You hit the ice beast but do no damage.
The ice beast is severely wounded.
You hit the ice beast but do no damage.
The ice beast is severely wounded.
The ice beast hits you. The ice beast freezes you!
You hit the ice beast but do no damage.
The ice beast is severely wounded.
The ice beast hits you. The ice beast freezes you.
The orc warrior shouts!
The ice beast hits you but does no damage.
Casting: Scorch (safe; 9% risk of failure)
Press: ? - help, Q - select action, (/) - cycle Dir - look around, f - activate Flames lash the ice beast.
The ice beast melts!
The ice beast is almost dead.
The ice beast closely misses you.
As you read the scroll labelled JUONKEL ZIMARPH, it crumbles to dust.
It is a scroll of identify.
h - 2 scrolls of teleportation The ice beast hits you but does no damage.
As you read the scroll of teleportation, it crumbles to dust.
You feel strangely unstable.
The orc warrior hits you from afar with a +0 glaive.
The ice beast hits you but does no damage.
The orc warrior hits you from afar with a +0 glaive!
The orc warrior hits you from afar with a +0 glaive! x2
* * * LOW HITPOINT WARNING * * *
It was a potion of curing.
You feel better. The ice beast hits you.
* * * LOW HITPOINT WARNING * * *
The ice beast freezes you.
* * * LOW HITPOINT WARNING * * *
The orc warrior hits you from afar with a +0 glaive!
You die...

#......<# #..
##.....##)..#
##..........#
#.......#..(.
########.......#....
....................
........#o..........
.............###....
..........Y@........
.....?..###########.
........# ........#
#########


You could see an orc warrior and an ice beast (combustible).

Vanquished Creatures
  A black bear (D:6)
  An ogre (D:4)
  2 scorpions
  2 bullfrog zombies (D:5)
  2 hounds (D:5)
  An orc priest (D:2)
  An iguana (D:4)
  Ijyb (D:5)
  9 adders
  An adder zombie (D:5)
  2 worms
  2 dart slugs
  7 orcs
  5 ball pythons
  6 bats
  10 endoplasms
  7 giant cockroaches
  7 goblins
  6 hobgoblins
  12 kobolds
  5 quokkas
  A frilled lizard (D:3)
  4 rats
95 creatures vanquished.

Vanquished Creatures (others)
  15 foxfires (D:4)
  A plant (D:3)
16 creatures vanquished.

Grand Total: 111 creatures vanquished

Notes
Turn   | Place    | Note
-------+----------+-------------------------------------------
     0 | D:1      | Ajdolov the Naga Cinder Acolyte began the quest for the
                  | Orb.
     0 | D:1      | Reached XP level 1. HP: 21/21 MP: 2/2
   412 | D:1      | Reached XP level 2. HP: 25/28 MP: 3/3
   415 | D:1      | Learned a level 2 spell: Scorch
   942 | D:1      | Found a faded altar of an unknown god.
   955 | D:1      | Reached XP level 3. HP: 34/34 MP: 2/5
  1526 | D:2      | Reached skill level 4 in Polearms
  1526 | D:2      | Reached XP level 4. HP: 42/42 MP: 3/6
  2234 | D:2      | Reached XP level 5. HP: 49/49 MP: 2/7
  2312 | D:2      | Reached skill level 5 in Polearms
  3857 | D:4      | Found a burning altar of Makhleb.
  3857 | D:4      | Found a blossoming altar of Fedhas.
  3858 | D:4      | Found a sparkling altar of Nemelex Xobeh.
  3859 | D:4      | Found a radiant altar of Vehumet.
  3859 | D:4      | Found a basalt altar of Yredelemnul.
  3859 | D:4      | Found a white marble altar of Elyvilon.
  3862 | D:4      | Noticed an ogre
  3870 | D:4      | Killed an ogre
  3871 | D:4      | Reached skill level 6 in Polearms
  3871 | D:4      | Reached XP level 6. HP: 52/56 MP: 0/8
  4367 | D:4      | Found a staircase to the Ecumenical Temple.
  4377 | Temple   | Entered the Ecumenical Temple
  5164 | D:5      | Entered Level 5 of the Dungeon
  5212 | D:5      | Noticed Ijyb
  5223 | D:5      | Killed Ijyb
  5224 | D:5      | Reached skill level 7 in Polearms
  5374 | D:5      | Found a snail-covered altar of Cheibriados.
  5588 | D:5      | Reached XP level 7. HP: 62/62 MP: 2/9
  6410 | D:6      | Reached skill level 8 in Polearms
  6642 | D:6      | Mangled by an orc warrior

Illustrated notes

Levels and vault maps discovered:
D:1:      evilmike_arrival_plus, layout_loops_corners,
          hellmonk_ecumenical_altar_blasted
D:2:      layout_loops_ring
D:3:      cheibrodos_old_hovel, layout_loops_corners, grunt_decor_cap,
          minmay_statues_item
D:4:      layout_loops_cross, grunt_temple_overflow_open,
          minmay_temple_entry_purple_smoke, minmay_stone_trees_medium
D:5:      layout_loops_corners, kennysheep_slug_shrine, uniq_ijyb
D:6:      layout_rooms, nicolae_overflow_quartered_altars,
          minmay_fractal_squares_diagonal_5
Temple:   compressed_dpeg_triangle_lava_temple

Skill      XL: |  1  2  3  4  5  6  7 |
---------------+----------------------+-----
Polearms       | 4 6 7 8 |  8.3
Fighting       | |  3.3
Spellcasting   | |  1.4
Fire Magic     | |  3.3

Action                   |  1- 3 |  4- 6 |  7- 9 || total
-------------------------+-------+-------+-------++-------
Melee: Spear             |    69 |    69 |    22 ||   160
 Cast: Scorch            |    12 |    71 |    14 ||    97
Invok: Foxfire Swarm     |       |     1 |       ||     1
 Abil: Spit Poison       |     3 |     8 |     2 ||    13
  Use: Scroll            |       |       |     2 ||     2
       Potion            |       |       |     1 ||     1
Armor: Robe              |     5 |    13 |    11 ||    29
Dodge: Dodged            |    19 |    52 |    13 ||    84

Table legend: (Time is in decaauts)
 A = Elapsed time spent in this place.
 B = Non-inter-level travel time spent in this place.
 C = Inter-level travel time spent in this place.
 D = Time resting spent in this place.
 E = Time spent auto-exploring this place.
 F = Levels seen in this place.
 G = Mean time per level.
                   A        B        C        D        E       F      G
               +--------+--------+--------+--------+--------+-----+--------+
         Total |   8095 |   7897 |    198 |    423 |   6699 |   7 | 1156.4 |
       Dungeon |   7763 |   7594 |    169 |    423 |   6409 |   6 | 1293.8 |
        Temple |    332 |    303 |     29 |      0 |    289 |   1 |  332.0 |
               +--------+--------+--------+--------+--------+-----+--------+

Top non-repeatable levels by time:
     D:5: 1733 daAuts
     D:2: 1728 daAuts
     D:1: 1576 daAuts
     D:3: 1362 daAuts
     D:4: 1302 daAuts
  Temple: 332 daAuts
     D:6: 58 daAuts
